 Dungeon Crawl Stone Soup version 0.17-a0-1184-gb75be8f (webtiles) character file.

73 Hanyuu the Insei (level 4, -17/28 HPs)
             Began as an Octopode Transmuter on June 1, 2015.
             Demolished by an ogre
             ... wielding a +0 giant club
              (28 damage)
             ... on level 4 of the Dungeon.
             The game lasted 00:03:26 (1428 turns).

Hanyuu the Insei (Octopode Transmuter)              Turns: 1428, Time: 00:03:26

Health: -17/28     AC:  1    Str:  9    XL:     4   Next: 27%
Magic:  1/7        EV:  7    Int: 16    God:
Gold:   53         SH:  0    Dex: 12    Spells: 3 memorised, 1 level left

rFire  . . .     SeeInvis .       - Unarmed
rCold  . . .     Clarity  .     (no shield)
rNeg   . . .     SustAt   .     (helmet restricted)
rPois  .         Gourm    .     (no amulet)
rElec  .         Spirit   .     (no ring)
rCorr  .         Warding  .     (no ring)
rMut   .         Stasis   .     (no ring)
MR     .....                    (no ring)
Stlth  ++........               (no ring)
                                (no ring)
                                (no ring)
                                (no ring)

@: very slightly contaminated, not resistant to hostile enchantments, unstealthy
A: almost no armour, amphibious, 8 rings, constrict 8, camouflage 1, gelatinous
body 1
a: no special abilities


You were on level 4 of the Dungeon.
You were very hungry.

You visited 1 branch of the dungeon, and saw 3 of its levels.

You collected 53 gold pieces.

Inventory:

Missiles
 a - 12 arrows
 g - 2 throwing nets (quivered)
 i - 12 poisoned needles
Scrolls
 d - a scroll of amnesia {unknown}
 e - 2 scrolls of identify {unknown}
 f - a scroll of blinking {unknown}
 h - a scroll of teleportation {unknown}
 k - a scroll of remove curse {unknown}
 m - a scroll of noise {unknown}
 n - 3 scrolls of magic mapping {unknown}
 o - a scroll of enchant weapon {unknown}
 p - 3 scrolls of recharging {unknown}
Potions
 l - a potion of agility {unknown}
 q - a potion of poison {unknown}
Books
 b - a book of Changes

   Spells                             Type                      Level
   a - Beastly Appendage              Transmutation                1
   b - Sticks to Snakes               Transmutation                2
   c - Spider Form                    Transmutation/Poison         3
   d - Ice Form                       Ice/Transmutation            4
   e - Blade Hands                    Transmutation                5
Comestibles
 c - 2 bread rations
 j - 2 fruits


   Skills:
 - Level 1.3 Fighting
 - Level 2.0 Dodging
 * Level 4.7 Unarmed Combat
 - Level 2.0 Spellcasting
 - Level 2.0 Transmutations
 - Level 1.0 Poison Magic


You had one spell level left.
You knew the following spells:

 Your Spells              Type           Power        Failure   Level  Hunger
a - Beastly Appendage     Trmt           #.....       10%         1    #......
b - Sticks to Snakes      Trmt           #.........   14%         2    ###....
c - Spider Form           Trmt/Pois      #.........   34%         3    ###....


Dungeon Overview and Level Annotations

Branches:
Dungeon (4/15)
 Temple: D:4-7

Altars:


Innate Abilities, Weirdness & Mutations

You cannot wear most types of armour.
You are amphibious.
You can wear up to eight rings at the same time.
You can use your tentacles to constrict eight enemies at once.
Your skin changes colour to match your surroundings (Stealth).
Your rubbery body absorbs attacks (AC +1).


Message History

Found a scroll labeled SEOH PYL CUFF.
An ogre comes into view. It is wielding a giant club.
You see here a scroll labeled SEOH PYL CUFF.
Casting: Spider Form
Confirm with . or Enter, or press ? or * to list all spells.
You miscast Spider Form.
You are very lightly contaminated with residual magic.
You feel faint for a moment.
The ogre shouts!
Casting: Spider Form
Confirm with . or Enter, or press ? or * to list all spells.
You miscast Spider Form.
Wisps of poison gas drift from your tentacles.
The ogre hits you with a giant club!
Ouch! That really hurt!
There is an escape hatch in the ceiling here.
You are feeling very hungry.
The ogre hits you with a giant club!!
Ouch! That really hurt!
You die...

+###
..#######
#.##?...#
####.##.##..#
##.......#
...
##........##
#
#..........#
#)...O.....#
#....@.....#
##........##
##[......#
###.##..#
#.##..#
#.###.##
##.#....##.
#...........#
#.......>...#


You could see an ogre.

Vanquished Creatures
  Ijyb (D:2)
  An ooze (D:1)
  4 goblins
  4 hobgoblins
  A quokka (D:2)
  12 bats
  2 giant newts
  11 kobolds
  4 rats
40 creatures vanquished.

Notes
Turn   | Place    | Note
--------------------------------------------------------------
     0 | D:1      | Hanyuu the Octopode Transmuter began the quest for the Orb.
     0 | D:1      | Reached XP level 1. HP: 13/13 MP: 3/3
   149 | D:1      | Reached XP level 2. HP: 15/18 MP: 5/5
   631 | D:1      | Reached skill level 4 in Unarmed Combat
   672 | D:1      | Reached XP level 3. HP: 23/23 MP: 6/6
   676 | D:1      | Learned a level 2 spell: Sticks to Snakes
   680 | D:1      | Learned a level 3 spell: Spider Form
  1139 | D:2      | Noticed Ijyb
  1148 | D:2      | Killed Ijyb
  1148 | D:2      | Reached skill level 1 in Poison Magic
  1148 | D:2      | Reached XP level 4. HP: 14/28 MP: 3/7
  1375 | D:2      | You fall through a shaft for 2 floors!
  1418 | D:4      | Noticed an ogre
  1428 | D:4      | Demolished by an ogre

Vault maps used:
D:1:      scummos_arrival_gate, amethyst_killhole
D:2:      minmay_hedge_maze, minmay_goblin_kobold_house, uniq_iyjb
D:4:      first_bread, minmay_item_behind_shaft, kennysheep_generic_room_5,
          uniq_duvessa, uniq_pikel

Action                   |  1- 3 |  4- 6 || total
-------------------------+-------+-------++-------
Melee: Unarmed           |    83 |     9 ||    92
 Cast: Beastly Appendage |     2 |       ||     2
       Spider Form       |     1 |       ||     1
 Stab: Sleeping          |     5 |     3 ||     8
  Eat: Chunk             |     1 |       ||     1
